 Dungeon Crawl Stone Soup version 0.28.0 (webtiles) character file.

Game seed: 8007982016994624894

95 croobank the Insei (level 4, 0/29 HPs)
             Began as an Octopode Transmuter on Feb 13, 2022.
             Slain by an ufetubus (4 damage)
             ... on level 4 of the Dungeon.
             The game lasted 00:11:20 (2277 turns).

croobank the Insei (Octopode Transmuter)            Turns: 2277, Time: 00:11:21

Health: 0/29       AC:  1    Str:  9    XL:     4   Next: 66%
Magic:  6/7        EV: 17    Int: 17    God:
Gold:   74         SH:  0    Dex: 12    Spells: 2/8 levels left

rFire   . . .      SeeInvis .   o - +0 mace
rCold   . . .      Faith    .   (no shield)
rNeg    . . .      Spirit   .   (helmet currently unavailable)
rPois   .          Reflect  .   (no amulet)
rElec   .          Harm     .   c - +4 ring of evasion
rCorr   .          Rampage  .   (no ring)
Will    .....                   (no ring)
Stlth   ++........              (no ring)
HPRegen 0.09/turn               (no ring)
MPRegen 0.10/turn               (no ring)
                                (no ring)
                                (no ring)

@: appendages
A: tentacle spike 3, almost no armour, amphibious, 8 rings, camouflage 1,
gelatinous body 1, (nimble swimmer 1), tentacles
a: End Transformation


You were on level 4 of the Dungeon.
One of your tentacles had grown a beastly spike.
You visited 1 branch of the dungeon, and saw 4 of its levels.

You collected 74 gold pieces.

Inventory:

Hand Weapons
 b - a +0 hunting sling
 o - a +0 mace (weapon)
Missiles
 d - 26 sling bullets
 g - 53 stones
Armour
 l - a +0 kite shield
Magical Staves
 n - a staff of cold
Jewellery
 c - a +4 ring of evasion (left tentacle)
Scrolls
 e - 2 scrolls of fog
 f - a scroll of holy word
 h - a scroll of blinking {unknown}
 j - a scroll of enchant armour {unknown}
 k - a scroll of noise {unknown}
 p - a scroll of enchant weapon {unknown}
Potions
 i - a potion of brilliance
 m - 2 potions of flight


   Skills:
 + Level 2.0 Fighting
 + Level 2.7 Dodging
 + Level 0.0 Shields
 - Level 3.4 Unarmed Combat
 + Level 2.6 Spellcasting
 + Level 2.7 Transmutations


You had 2 spell levels left.
You knew the following spells:

 Your Spells              Type           Power      Damage    Failure   Level
a - Beastly Appendage     Tmut           22%        N/A       6%          1
b - Wereblood             Tmut           11%        N/A       9%          2
c - Spider Form           Tmut/Pois      6%         N/A       30%         3

Your spell library contained the following spells:

 Spells                   Type           Power      Damage    Failure   Level
 Stone Arrow              Conj/Erth      4%         3d7       50%         3
 Ice Form                 Ice/Tmut       6%         N/A       71%         4
 Lehudib's Crystal Spear  Conj/Erth      1%         10d2      100%        8
 Animate Armour           Summ/Erth      Unusable   N/A       N/A         4

Dungeon Overview and Level Annotations

Branches:
Dungeon (4/15)
 Temple: D:4-7

Altars:

Annotations:
D:2 Sigmund
D:4 Blork the orc


Innate Abilities, Weirdness & Mutations

One of your tentacles has grown a beastly spike.
You cannot wear most types of armour.
You are amphibious.
You can wear up to eight rings at the same time.
Your skin changes colour to match your surroundings (Stealth+).
Your rubbery body absorbs attacks. (AC +1, EV +1)
((You are camouflaged when in or above water. (Stealth+)))
You have tentacles for arms and can constrict up to eight enemies at once.


Message History

Blork the orc screams, "I'll make a cloak from your skin!"
Your tentacle spike disappears.
The ufetubus hits you. x2
As you read the scroll of identify, it crumbles to dust.
q - a scroll of summoning The ufetubus misses you. x2
Casting: Beastly Appendage (safe; 6% risk of failure)
Confirm with . or Enter, or press ? or * to list all spells.
One of your tentacles grows a vicious spike.
The ufetubus hits you. x2; The ufetubus barely misses you. x2
The ufetubus hits you. The ufetubus misses you.
As you read the scroll of summoning, it crumbles to dust.
Wisps of shadow whirl around you... The ufetubus misses you. x2
Blork the orc hits your giant cockroach but does no damage.
The ufetubus barely misses you. The ufetubus misses you.
You swap places.
Something hits your giant cockroach.
Your giant cockroach dies!
Your giant cockroach's corpse dissolves into shadows!
The ufetubus closely misses you. The ufetubus hits you.
Your centaur skeleton misses the ufetubus.
Your centaur skeleton kicks the ufetubus but does no damage.
You swap places.
The ufetubus completely misses you. The ufetubus misses you.
Your centaur skeleton hits the ufetubus.
Your centaur skeleton misses the ufetubus.
The ufetubus hits you. The ufetubus misses you.
You closely miss the ufetubus. Your grab misses the ufetubus.
Your squeeze misses the ufetubus.
The ufetubus is moderately wounded.
The ufetubus hits you. The ufetubus closely misses you.
Your centaur skeleton closely misses the ufetubus.
Your centaur skeleton kicks the ufetubus but does no damage.
Blork the orc mumbles some strange words.
Blork the orc seems to speed up.
The ufetubus hits you.
* * * LOW HITPOINT WARNING * * *
The ufetubus hits you.
* * * LOW HITPOINT WARNING * * *
Your centaur skeleton closely misses the ufetubus.
Your centaur skeleton completely misses the ufetubus.
You swap places.
The ufetubus misses you. The ufetubus hits you.
You die...

#.......#
#..##.
#.#######
#..##. #.#
#..... #.#
#..... #.#
#..### #.#
#..# #.# #..#
###.# #..#
#Z@g# #..#
#5### #..#
###o###
#.....#
###.###.#####
... #.....#
#.#.###.#.#.#
#.#.........#
#......o#.#.#


You could see Blork the orc (fast), an ufetubus (ally target), a friendly
hobgoblin (summoned) and a friendly centaur skeleton (summoned).

Vanquished Creatures
  3 worms (D:3)
  4 dart slugs
  5 orcs
  5 bats (D:1)
  3 endoplasms
  A giant cockroach (D:2)
  5 goblins
  10 hobgoblins
  7 jackals
  A quokka (D:2)
  5 ball pythons
  5 frilled lizards
  9 kobolds
  6 rats (D:1)
69 creatures vanquished.

Notes
Turn   | Place    | Note
-------+----------+-------------------------------------------
     0 | D:1      | croobank the Octopode Transmuter began the quest for the
                  | Orb.
     0 | D:1      | Reached XP level 1. HP: 13/13 MP: 3/3
    97 | D:1      | Reached XP level 2. HP: 10/18 MP: 1/5
   101 | D:1      | Learned a level 2 spell: Wereblood
   518 | D:1      | Reached XP level 3. HP: 23/23 MP: 1/6
   808 | D:1      | Found a faded altar of an unknown god.
   921 | D:2      | Noticed Sigmund
  1504 | D:3      | Reached XP level 4. HP: 25/29 MP: 3/7
  1715 | D:3      | Identified the +5 ring mail "Ixkyolo" {Int+5}
  1818 | D:3      | Learned a level 3 spell: Spider Form
  2259 | D:4      | Noticed Blork the orc
  2277 | D:4      | Slain by an ufetubus

Illustrated notes

Levels and vault maps discovered:
D:1:      dpeg_arrival_tiny_j, layout_rooms,
          hellmonk_ecumenical_altar_prayer_group, kennysheep_crisscross,
          serial_park_tiny_1, chequers_arboretum
D:2:      layout_basic, serial_glass, glass_columns_b, glass_columns_a,
          glass_columns_a, glass_columns_b, glass_columns_c, glass_columns_c,
          glass_columns_a, glass_columns_c, glass_columns_a, glass_columns_b,
          glass_columns_c, glass_columns_a, glass_columns_a, glass_columns_a,
          basic_altar, uniq_sigmund
D:3:      layout_loops_cross, nicolae_wormholes
D:4:      layout_loops_ring, zin_academy, serial_bayou_crossing,
          uniq_blork_the_orc

Skill      XL: |  1  2  3  4 |
---------------+-------------+-----
Fighting       | 2 |  2.0
Dodging        | |  2.7
Unarmed Combat | |  3.4
Spellcasting   | |  2.6
Transmutations | |  2.7

Action                   |  1- 3 |  4- 6 || total
-------------------------+-------+-------++-------
Melee: Unarmed           |    83 |     3 ||    86
       Constrict         |    31 |    11 ||    42
       Tentacles         |    15 |     9 ||    24
       Kick              |    24 |     8 ||    32
       Punch             |     2 |     1 ||     3
       Mace              |       |    37 ||    37
 Cast: Beastly Appendage |    25 |    10 ||    35
       Wereblood         |     5 |     2 ||     7
  Use: Scroll            |     4 |     2 ||     6
 Stab: Sleeping          |     8 |     1 ||     9
Armor: Skin              |     8 |     1 ||     9
Dodge: Dodged            |    86 |    44 ||   130
